 Dungeon Crawl Stone Soup version 0.29.0-4-gdea44cf6ec (webtiles) character file.

Game seed: 16776675638868941441

131 qw the Chopper (level 5, 0/32 HPs)
             Began as a Gargoyle Fighter on Sept 9, 2022.
             Killed from afar by Jessica (3 damage)
             ... with a bolt of light
             ... on level 3 of the Dungeon.
             The game lasted 00:00:48 (1678 turns).

qw the Chopper (Gargoyle Fighter)                   Turns: 1678, Time: 00:00:49

Health: 0/32       AC: 14    Str: 21    XL:     5   Next: 14%
Magic:  5/5        EV:  7    Int:  9    God:
Gold:   143        SH:  0    Dex:  9    Spells: 4/4 levels left

rFire   . . .      SeeInvis .   Y - +0 war axe
rCold   . . .      Faith    .   c - +0 buckler
rNeg    + . .      Spirit   .   a - +0 chain mail
rPois   inf        Reflect  .   (no helmet)
rElec   +          Harm     .   (no cloak)
rCorr   .          Rampage  .   (no gloves)
Will    .....                   i - +0 pair of boots
Stlth   ..........              (no amulet)
HPRegen 0.10/turn               (no ring)
MPRegen 0.09/turn               (no ring)

@: confused
A: sickness immunity, AC +4, negative energy resistance 1, electricity
resistance, torment resistance 1, petrification resistance
a: no special abilities


You were on level 3 of the Dungeon.
You visited 1 branch of the dungeon, and saw 3 of its levels.

You collected 143 gold pieces.


Innate Abilities, Weirdness & Mutations

You are immune to sickness and miasma.
Your stone body is resilient. (AC +4)
You are immune to poison.
You resist negative energy. (rN+)
You are resistant to electric shocks. (rElec)
You are resistant to unholy torment.
You are immune to petrification.


   Skills:
 - Level 3.2 Fighting
 + Level 4.7 Axes
 - Level 3.2 Armour
 - Level 3.2 Shields


You had 4 spell levels left.
You didn't know any spells.
Your spell library was empty.

Inventory:

Hand Weapons
 j - a +0 whip
 Y - a +0 war axe (weapon)
Armour
 a - a +0 chain mail (worn)
 c - a +0 buckler (worn)
 i - a +0 pair of boots (worn)
Potions
 d - a potion of might
 f - a potion of berserk rage {unknown}
 g - a potion of brilliance {unknown}
 h - a potion of haste {unknown}
 k - a potion of heal wounds {unknown}

Dungeon Overview and Level Annotations

Branches:
Dungeon (3/15)

Altars:
Zin

Shops:
D:1 (

Annotations:
D:3 Jessica, Robin


Message History

The bolt of light hits you!
You bump into the rock wall.
The quokka barely misses you.
Jessica zaps a wand.
The bolt of light misses the goblin.
The bolt of light hits you!
You are more confused.
The ball python bites you but does no damage.
The ball python grabs you. The ball python constricts you.
You completely miss the ball python. You barely miss the goblin.
You hit the goblin.
You kill the goblin!
You hit the quokka but do no damage. The quokka bites you.
The ball python bites you but does no damage.
The ball python constricts you. Robin hits you but does no damage.
Jessica zaps a wand.
The bolt of light hits the hobgoblin!!
The hobgoblin dies!
The bolt of light hits you.
You are more confused.
The quokka bites you but does no damage.
You closely miss the goblin. You closely miss the quokka. You miss the goblin.
You barely miss the ball python. The ball python barely misses you.
The ball python constricts you. The goblin hits you but does no damage.
The goblin completely misses you. Robin hits you but does no damage.
The goblin unwields a +0 club.
The goblin wields a +0 sling.
The goblin shoots a sling bullet.
The sling bullet hits you but does no damage.
The quokka completely misses you.
The ball python bites you but does no damage.
The ball python constricts you. The goblin completely misses you.
The goblin barely misses you. Robin throws the goblin at you!
You slash the ball python!
You kill the ball python!
You barely miss the goblin. You hit the goblin but do no damage.
You barely miss Jessica. You barely miss the quokka.
You closely miss the goblin.
The quokka bites you but does no damage.
The goblin hits you but does no damage.
Jessica zaps a wand.
The bolt of light hits you.
You are more confused.
You die...

........##
.........#
.....>...#
.........#
.........###
.....g.....
.....ggrg#
......@@##
.......ggg#
........#.###
.........#...#######
#......#.###........
#......#.....#######
#...#.###..##
....#..:....#
##.#.###.###...#


You could see Robin, Jessica, a quokka, a hobgoblin (strong) and 5 goblins.

Vanquished Creatures
  Natasha (thrice) (D:3)
  An adder (D:2)
  A worm (D:2)
  2 dart slugs
  An orc (D:3)
  An endoplasm (D:3)
  2 giant cockroaches (D:1)
  7 goblins
  4 hobgoblins
  A quokka (D:2)
  4 ball pythons
  6 bats
  A frilled lizard (D:2)
  5 kobolds
  4 rats
43 creatures vanquished.

Vanquished Creatures (others)
  A goblin (D:3)
  A hobgoblin (D:3)
  4 toadstools (D:1)
6 creatures vanquished.

Grand Total: 49 creatures vanquished

Notes
Turn   | Place    | Note
-------+----------+-------------------------------------------
     0 | D:1      | qw the Gargoyle Fighter began the quest for the Orb.
     0 | D:1      | Reached XP level 1. HP: 14/14 MP: 1/1
     0 | D:1      | 0 ||| qw: Version: 0.1-a-113-g051387a
     0 | D:1      | 0 ||| qw: Game counter: 7052
     0 | D:1      | 0 ||| qw: Always use a shield: true
     0 | D:1      | 0 ||| qw: God list: Okawaru
     0 | D:1      | 0 ||| qw: Allow faded altars: false
     0 | D:1      | 0 ||| qw: Do Orc after D:15 true
     0 | D:1      | 0 ||| qw: Do second Lair branch before Depths: true
     0 | D:1      | 0 ||| qw: Lair rune preference: random
     0 | D:1      | 0 ||| qw: Plans: Normal, Zot, God:TSO, Crypt, Tomb, Zig,
                  | Orb
     0 | D:1      | 0 ||| PLANNING D:1-11
    48 | D:1      | Reached skill level 2 in Axes
    96 | D:1      | Reached XP level 2. HP: 19/19 MP: 2/2
   172 | D:1      | Found Noirchol's Weapon Boutique.
   175 | D:1      | 175 ||| Stepping ~*~*~tactically~*~*~ (hiding).
   520 | D:1      | 520 ||| DROPPING +0 club.
   558 | D:1      | 558 ||| UPGRADING to +0 pair of boots.
   563 | D:1      | 563 ||| READING scroll labelled PAGI NIAS ONE.
   577 | D:2      | 577 ||| STAIRDANCE
   596 | D:2      | Reached skill level 3 in Axes
   612 | D:2      | Reached XP level 3. HP: 22/23 MP: 3/3
   809 | D:2      | Found a glowing silver altar of Zin.
   849 | D:2      | 849 ||| Stepping ~*~*~tactically~*~*~ (stealth).
  1316 | D:2      | 1316 ||| UPGRADING to +0 chain mail.
  1326 | D:2      | 1326 ||| DROPPING +0 scale mail.
  1327 | D:2      | 1327 ||| READING scroll labelled CYLLEAVIEDD.
  1359 | D:3      | 1359 ||| STAIRDANCE
  1368 | D:3      | 1368 ||| STAIRDANCE
  1374 | D:3      | 1374 ||| STAIRDANCE
  1379 | D:3      | 1379 ||| Stepping ~*~*~tactically~*~*~ (hiding).
  1380 | D:3      | 1380 ||| Stepping ~*~*~tactically~*~*~ (hiding).
  1380 | D:3      | Noticed Natasha
  1387 | D:3      | Killed Natasha
  1387 | D:3      | Noticed Natasha
  1388 | D:3      | Reached skill level 4 in Axes
  1388 | D:3      | Reached XP level 4. HP: 28/28 MP: 4/4
  1398 | D:3      | Killed Natasha
  1446 | D:3      | Noticed Natasha
  1457 | D:3      | Killed Natasha
  1458 | D:3      | Reached XP level 5. HP: 14/32 MP: 5/5
  1670 | D:3      | Noticed Jessica
  1670 | D:3      | Noticed Robin
  1676 | D:3      | HP: 3/32 [Jessica/bolt of light (6)]
  1678 | D:3      | Killed from afar by Jessica

Levels and vault maps discovered:
D:1:      ldierk_water_garden, layout_rooms, serial_shops, shop
D:2:      layout_basic, basic_altar
D:3:      layout_rooms, mainiacjoe_overflow_24_doors,
          nicolae_overflow_hidden_temple, hellmonk_ecumenical_altar_crossroads,
          hangedman_abyss_or_decor_stabs, minmay_misc_feat_cross,
          serial_bayou_pond_a, serial_park_tiny_2, minmay_misc_feat_five,
          hex_medium, uniq_natasha, uniq_robin, uniq_jessica

Skill      XL: |  1  2  3 |
---------------+----------+-----
Axes           | 2 3 4 |  4.7
Fighting       | |  3.2
Armour         | |  3.2
Shields        | |  3.2

Action                   |  1- 3 |  4- 6 || total
-------------------------+-------+-------++-------
Melee: War axe           |    89 |    29 ||   118
  Use: Scroll            |     2 |       ||     2
Armor: Scale mail        |    41 |       ||    41
       Chain mail        |    14 |    26 ||    40
Dodge: Dodged            |    45 |    13 ||    58
Block: Buckler           |    20 |     4 ||    24

Table legend:
 A = Non-vault XP
 B = Vault XP
 C = Vault XP percentage of total XP
 D = Non-vault monster count
 E = Vault monster count
 F = Vault count percentage of total count
                 A         B        C        D         E       F
            +---------+---------+-------+---------+---------+-------
      Total |     150 |      39 |  20.6 |      40 |       3 |   7.0
            +---------+---------+-------+---------+---------+-------
        D:1 |      28 |       0 |   0.0 |      16 |       0 |   0.0
        D:2 |      39 |       0 |   0.0 |      16 |       0 |   0.0
        D:3 |      83 |      39 |  32.0 |       8 |       3 |  27.3
            +---------+---------+-------+---------+---------+-------
